 Dungeon Crawl Stone Soup version 0.28-b1-70-g80dc712255 (webtiles) character file.

Game seed: 1929242789516696681

16 cbfl8 the Sneak (level 2, -6/27 HPs)
             Began as a Minotaur Delver on Feb 4, 2022.
             Was a Follower of Uskayaw.
             Killed by nerve-wracking pain
             ... invoked by Grinder
              (9 damage)
             ... while paralysed by Grinder
             ... on level 3 of the Dungeon.
             The game lasted 00:01:36 (700 turns).

cbfl8 the Sneak (Minotaur Delver)                    Turns: 700, Time: 00:01:37

Health: -6/27      AC:  5    Str: 16    XL:     2   Next: 37%
Magic:  1/1        EV:  2    Int:  7    God:    Uskayaw [*.....]
Gold:   45         SH:  0    Dex: 11    Spells: 1/1 levels left

rFire   . . .      SeeInvis .   a - +0 hand axe
rCold   . . .      Faith    .   (no shield)
rNeg    . . .      Spirit   .   k - +0 ring mail
rPois   .          Reflect  .   (helmet restricted)
rElec   .          Harm     .   (no cloak)
rCorr   .          Rampage  .   (no gloves)
Will    .....                   (no boots)
Stlth   ++........              (no amulet)
HPRegen 0.09/turn               (no ring)
MPRegen 0.07/turn               (no ring)

@: paralysed
A: horns 2, retaliatory headbutt
a: Renounce Religion, Stomp


You were on level 3 of the Dungeon.
You worshipped Uskayaw.
Uskayaw was noncommittal.
You visited 2 branches of the dungeon, and saw 4 of its levels.

You collected 45 gold pieces.

Inventory:

Hand Weapons
 a - a +0 hand axe (weapon)
Armour
 b - a +0 leather armour
 k - a +0 ring mail (worn)
Wands
 g - a wand of digging (3)
Scrolls
 c - a scroll of fog
 d - a scroll of magic mapping
 e - a scroll of fear
 h - 2 scrolls of identify {unknown}
 j - 2 scrolls of brand weapon {unknown}
Potions
 f - a potion of haste
 i - a potion of attraction {unknown}


   Skills:
 + Level 3.8 Fighting
 + Level 2.7 Axes
 + Level 2.6 Dodging
 + Level 4.3 Stealth


You had one spell level left.
You didn't know any spells.
Your spell library contained the following spells:

 Spells                   Type           Power      Damage    Failure   Level
 Sublimation of Blood     Necr           0%         N/A       80%         2
 Wereblood                Tmut           0%         N/A       80%         2
 Summon Hydra             Summ           0%         N/A       100%        7


Dungeon Overview and Level Annotations

Branches:
Dungeon (5/15)             Temple (1/1) D:4

Altars:
Ashenzari
Cheibriados
Dithmenos
Elyvilon
Fedhas
Gozag
Hepliaklqana
Kikubaaqudgha
Makhleb
Nemelex Xobeh
Okawaru
Qazlal
Ru
Trog
Uskayaw
Vehumet
Wu Jian
Xom
Yredelemnul
Zin
The Shining One

Annotations:
D:3 Grinder


Innate Abilities, Weirdness & Mutations

You have a pair of horns on your head.
You reflexively headbutt those who attack you in melee.


Message History

You continue taking off your +0 leather armour. x4
You finish taking off your +0 leather armour.
You start putting on your armour.
You continue putting on your +0 ring mail. x5
You finish putting on your +0 ring mail.
A kobold comes into view. It is wielding a +0 dagger.
The kobold shouts!
The kobold throws a stone.
The stone closely misses you. The kobold hits you with a +0 dagger.
The kobold hits you with a +0 dagger.
You closely miss the kobold. The kobold misses you.
You hit the kobold.
You kill the kobold!
You now have 45 gold pieces (gained 8).
Things that are here:
a +0 dagger; 4 stones; a kobold corpse
Found a leather armour.
h - 2 scrolls labelled AMYMMAZOAG (gained 1)
You open the door.
Grinder comes into view.
Grinder shouts!
Grinder gestures at you.
You struggle to resist.
There is an open door here.
Grinder hits you but does no damage. Grinder gestures at you.
You suddenly lose the ability to move!
Grinder gestures at you.
You shrug off the repeated paralysis!
Grinder hits you.
You writhe in agony.
Grinder hits you!
You writhe in agony.
Grinder hits you.
Grinder says, "I used to sell toenails on the black market."
Grinder hits you.
* * * LOW HITPOINT WARNING * * *
You writhe in agony.
* * * LOW HITPOINT WARNING * * *
Grinder gestures at you. Pain shoots through your body!
You die...

.###.#####.#
...........# #.. .
.###.####..# #.#.# #
.###.).....####.#.# ##.#
....>............. .....
.###............#+#.....
.# #..^..####...........
####.....####...5.......
...........'...@.......
###.####..##......#####
#.#.....#########
#.#######


You could see Grinder.

Vanquished Creatures
  2 adder skeletons (D:4)
  2 ball pythons
  A giant cockroach (D:4)
  A goblin (D:4)
  A hobgoblin (D:4)
  2 kobolds (D:3)
  A rat (D:3)
10 creatures vanquished.

Notes
Turn   | Place    | Note
-------+----------+-------------------------------------------
     0 | D:5      | cbfl8 the Minotaur Delver began the quest for the Orb.
     0 | D:5      | Reached XP level 1. HP: 19/19 MP: 0/0
   171 | D:4      | Reached XP level 2. HP: 17/27 MP: 1/1
   439 | D:4      | Found a staircase to the Ecumenical Temple.
   449 | Temple   | Entered the Ecumenical Temple
   523 | Temple   | Became a worshipper of Uskayaw the Reveller
   649 | D:3      | Reached * piety under Uskayaw
   689 | D:3      | Noticed Grinder
   694 | D:3      | Paralysed by Grinder for 7 turns
   700 | D:3      | Killed from afar by Grinder

Illustrated notes

Levels and vault maps discovered:
D:3:      layout_basic, uniq_jessica, uniq_grinder
D:4:      layout_gridville, minmay_temple_entry_overgrown, serial_shops,
          nicolae_shop_behind_doors, minmay_misc_feat_rugged
D:5:      layout_loops_ring, uniq_eustachio
Temple:   dpeg_three_leaves_temple

Action                   || total
-------------------------++-------
Melee: Hand axe          ||    22
       Headbutt          ||     1
 Stab: Sleeping          ||     3
Armor: Leather armour    ||     3
       Ring mail         ||     1
Dodge: Dodged            ||    11
